 Dungeon Crawl Stone Soup version 0.28-a0-1435-g82390b3a13 (webtiles) character file.

Game seed: 7421516673375379894

272 namelastname112 the Magician (level 6, 0/51 HPs)
             Began as a Draconian Wanderer on Jan 10, 2022.
             Slain by a hound (5 damage)
             ... on level 4 of the Dungeon.
             The game lasted 00:04:53 (4143 turns).

namelastname112 the Magician (Draconian Wanderer)   Turns: 4143, Time: 00:04:54

Health: 0/51       AC:  8    Str: 11 (14) XL:     6   Next: 2%
Magic:  11/12      EV: 12    Int: 13 (15) God:
Gold:   198        SH:  0    Dex:  9 (10) Spells: 12/13 levels left

rFire   . . .      SeeInvis .   o - +1 dagger (venom)
rCold   . . .      Faith    +   (no shield)
rNeg    . . .      Spirit   .   (armour unavailable)
rPois   .          Reflect  .   (helmet restricted)
rElec   .          Harm     .   (no cloak)
rCorr   .          Rampage  .   (no gloves)
Will    .....                   b - +1 pair of boots
Stlth   +.........              l - amulet of faith
HPRegen 0.17/turn               (no ring)
MPRegen 0.13/turn               (no ring)

@: about to teleport, weak-willed, flying
A: AC +6, unfitting armour, cold-blooded
a: no special abilities


You were on level 4 of the Dungeon.
You visited 1 branch of the dungeon, and saw 4 of its levels.

You collected 198 gold pieces.

Inventory:

Hand Weapons
 o - a +1 dagger of venom (weapon)
Armour
 b - a +1 pair of boots (worn)
Jewellery
 f - a ring of flight
 l - an amulet of faith (around neck)
Wands
 k - a wand of flame (20)
Scrolls
 c - a scroll of enchant weapon {unknown}
 d - 2 scrolls of immolation
 g - a scroll of identify
 i - a scroll of blinking {unknown}
 j - a scroll of fog {unknown}


   Skills:
 + Level 3.3 Fighting
 + Level 3.2 Dodging
 - Level 1.0 Stealth
 + Level 4.0 Spellcasting
 + Level 2.5 Conjurations
 - Level 1.3 Fire Magic
 - Level 1.0 Evocations


You had 12 spell levels left.
You knew the following spells:

 Your Spells              Type           Power      Damage    Failure   Level
z - Foxfire               Conj/Fire      28%        2x1d5     10%         1

Your spell library contained the following spells:

 Spells                   Type           Power      Damage    Failure   Level
 Magic Dart               Conj           36%        1d4       8%          1
 Searing Ray              Conj           18%        2d5       11%         2
 Shock                    Conj/Air       20%        1d4       12%         1
 Apportation              Tloc           4%         N/A       21%         1
 Inner Flame              Hex/Fire       4%         N/A       43%         3
 Summon Forest            Summ/Tloc      1%         N/A       99%         5
 Eringya's Noxious Bog    Tmut/Pois      1%         N/A       100%        6
 Summon Hydra             Summ           1%         N/A       100%        7


Dungeon Overview and Level Annotations

Branches:
Dungeon (4/15)             Temple (0/1) D:4

Altars:

Annotations:
D:3 2 transporters, p0werm0de's ghost, amateur GrCK


Innate Abilities, Weirdness & Mutations

Your plain brown scales are hard. (AC +6)
You cannot fit into any form of body armour.
You are cold-blooded and may be slowed by cold attacks.


Message History

* * * don't die
* * * You take 4 damage, and have 4/51 hp!
It was a potion of degeneration!
There was something very wrong with that liquid!
You feel weakened!
You feel dopey!
You feel clumsy! The hound barely misses you!
It was a potion of flight!
You feel very buoyant!
You fly up into the air!
The hound barely misses you! The hound bites you but does no damage!
The hound closely misses you!
Casting: Foxfire (safe; 10% risk of failure)
Confirm with ! or Enter, or press ? or * to list all spells!
You conjure some foxfire!!!
The hound barely misses you!
You now have 11/12 mp!
Your foxfire dissipates!!!
The foxfire hits the hound!
The hound is lightly wounded!
The hound bites you! * * * don't die
* * * You take 1 damage, and have 4/51 hp!
You aren't carrying any potions!
Okay, then!
Okay, then!
You aren't carrying any potions!
As you read the scroll labelled KYR XYRIZXEPH, it crumbles to dust!
It is a scroll of enchant armour!
Your +0 pair of boots glows green for a moment!
The hound bites you but does no damage!
As you read the scroll labelled FOUPHI XUGHU, it crumbles to dust!
It is a scroll of identify!
d - 2 scrolls of immolation The hound misses you!
The hound closely misses you!
As you read the scroll labelled NAF PAOGEMM, it crumbles to dust!
Magic quickly surges around you!
It was a scroll of vulnerability!
The hound bites you but does no damage!
As you read the scroll labelled CASSODAARGH, it crumbles to dust!
You feel strangely unstable!
It was a scroll of teleportation!
The hound bites you! rip

..........##+####
#.....
......#'####+####
#..... .....
#..#......###.....
....
##.#..............
... #...............(
.. ##.##+##.........
#
######O.#.##.........
#....h#.#.##....###..
#...@.#.O.##....###..
#.....##..........###
#.................# #
#......#..........###
#...........).....'..
#.....###>........###
#####.. ##........# #
### #........+
#.....)..#


You could see an ogre (weak-willed) and a hound (weak-willed).

Vanquished Creatures
  An ogre (D:4)
  An orc wizard (D:4)
  Robin (D:3)
  5 adders
  An ufetubus (D:4)
  2 worms
  3 dart slugs
  6 orcs
  6 ball pythons
  9 endoplasms
  A giant cockroach (D:1)
  13 goblins
  7 hobgoblins
  3 jackals (D:1)
  A quokka (D:4)
  9 bats
  5 frilled lizards
  4 kobolds
  7 rats
85 creatures vanquished.

Vanquished Creatures (others)
  10 foxfires
  2 fungi (D:3)
  5 toadstools (D:3)
17 creatures vanquished.

Grand Total: 102 creatures vanquished

Notes
Turn   | Place    | Note
-------+----------+-------------------------------------------
     0 | D:1      | namelastname112 the Draconian Wanderer began the quest for
                  | the Orb.
     0 | D:1      | namelastname112 set off with the following items: a +0
                  | club, a +0 pair of boots; and the following spells
                  | available to memorise: Foxfire, Apportation, Magic Dart,
                  | Shock, Searing Ray, Inner Flame
     0 | D:1      | Reached XP level 1. HP: 16/16 MP: 4/4
     3 | D:1      | Learned a level 1 spell: Foxfire
   117 | D:1      | Reached XP level 2. HP: 23/23 MP: 4/6
   453 | D:1      | Found a faded altar of an unknown god.
   992 | D:2      | Reached XP level 3. HP: 28/29 MP: 0/7
  1805 | D:3      | Reached skill level 1 in Conjurations
  1830 | D:3      | Found a transporter.
  1941 | D:3      | Noticed Robin
  1973 | D:3      | Reached XP level 4. HP: 33/36 MP: 9/9
  1986 | D:3      | Killed Robin
  2833 | D:3      | Found a transporter.
  2835 | D:3      | Noticed p0werm0de's ghost (amateur GrCK)
  3537 | D:4      | Reached XP level 5. HP: 39/42 MP: 10/10
  3702 | D:4      | Found a staircase to the Ecumenical Temple.
  3852 | D:4      | Noticed an ogre
  3875 | D:4      | Killed an ogre
  3876 | D:4      | Reached skill level 4 in Spellcasting
  3876 | D:4      | Reached XP level 6. HP: 15/51 MP: 10/12
  4143 | D:4      | Slain by a hound

Illustrated notes

Levels and vault maps discovered:
D:1:      minmay_arrival_stone_box, layout_basic,
          hellmonk_ecumenical_altar_pennies_from_heaven
D:2:      layout_basic, minmay_heptomino_d4
D:3:      layout_basic, gammafunk_ghost_mausoleum, minmay_gold_behind_fungi,
          kennysheep_potato, uniq_robin
D:4:      layout_basic, minmay_temple_entry_wispy

Skill      XL: |  1  2  3  4  5 |
---------------+----------------+-----
Dodging        | 2 3 |  3.2
Fighting       | 2 3 |  3.3
Conjurations   | 1 2 |  2.5
Spellcasting   | 4 |  4.0
Stealth        | |  1.0
Fire Magic     | |  1.3
Evocations     | |  1.0

Action                   |  1- 3 |  4- 6 || total
-------------------------+-------+-------++-------
Melee: Club              |    89 |       ||    89
       Tailslap          |    15 |    25 ||    40
       Short sword       |    37 |       ||    37
       Dagger            |     9 |   157 ||   166
       Punch             |       |     5 ||     5
 Cast: Foxfire           |     7 |     2 ||     9
  Use: Scroll            |       |     4 ||     4
       Potion            |       |     2 ||     2
 Stab: Sleeping          |     2 |     1 ||     3
Armor: Skin              |    61 |    58 ||   119
Dodge: Dodged            |   107 |   103 ||   210

Table legend: (Time is in decaauts)
 A = Elapsed time spent in this place.
 B = Non-inter-level travel time spent in this place.
 C = Inter-level travel time spent in this place.
 D = Time resting spent in this place.
 E = Time spent auto-exploring this place.
 F = Levels seen in this place.
 G = Mean time per level.
                   A        B        C        D        E       F      G
               +--------+--------+--------+--------+--------+-----+--------+
         Total |   4185 |   4045 |    140 |    711 |   2597 |   4 | 1046.2 |
       Dungeon |   4185 |   4045 |    140 |    711 |   2597 |   4 | 1046.2 |
               +--------+--------+--------+--------+--------+-----+--------+

Top non-repeatable levels by time:
     D:3: 1718 daAuts
     D:1: 919 daAuts
     D:2: 913 daAuts
     D:4: 633 daAuts
